 Dungeon Crawl Stone Soup version 0.28.0-53-g5a82cb258f (webtiles) character file.

Game seed: 17265336086356187020

920512 Duralumin the Archmage (level 27, -8/205 (213) HPs)
             Began as a Demigod Ice Elementalist on July 8, 2022.
             Killed from afar by a wendigo (39 damage)
             ... with a seracfall
             ... on level 7 of Cocytus on July 20, 2022.
             The game lasted 11:52:51 (113974 turns).

Duralumin the Archmage (Demigod Ice Elementalist) Turns: 113974, Time: 11:52:57

HP:   -8/205 (213)  AC: 16    Str: 11      XL:     27
MP:   4/70          EV: 20    Int: 50 (52) God:
Gold: 8576          SH: 18    Dex: 24      Spells: 0/80 levels left

rFire   + . .      SeeInvis +   m - +8 war axe "Alepne" {elec, rElec rPois Int+4 Dex+6}
rCold   + + +      Faith    .   L - +2 buckler {rF+}
rNeg    . . .      Spirit   .   Z - +2 robe {rC+ rF+}
rPois   +          Reflect  +   a - +2 helmet {SInv}
rElec   +          Harm     .   x - +2 cloak {rPois}
rCorr   .          Rampage  .   H - +2 pair of gloves of Dogmatism {Dex+4 SInv}
Will    ++...      Archmagi +   e - +2 pair of boots {Fly}
Stlth   ++++......              U - amulet of Milarph {Reflect rC+ MP+9 Int-5 SH+5}
HPRegen 0.44/turn               X - ring "Qusoih" {Ice rPois Str+2}
MPRegen 0.42/turn               M - ring of the Mage {Wiz Archmagi}

@: flying, studying Unarmed Combat, lightly drained, frozen potions
A: high MP 1, forlorn, divine attributes, large bone plates 1, mutation
resistance 1, noise suppression
}: 9/15 runes: decaying, slimy, silver, golden, obsidian, icy, bone, abyssal,
gossamer
a: no special abilities


You were on level 7 of Cocytus.
You visited 15 branches of the dungeon, and saw 76 of its levels.
You visited the Abyss 3 times.
You also visited: Wizlab.

You collected 10123 gold pieces.
You spent 1547 gold pieces at shops.

Inventory:

Hand Weapons
 m - the +8 war axe "Alepne" (weapon) {elec, rElec rPois Int+4 Dex+6}
   (You found it on level 5 of the Pits of Slime)

   It occasionally discharges a powerful burst of electricity upon striking a
   foe.
   Int:       It affects your intelligence (+4).
   Dex:       It affects your dexterity (+6).
   rElec:     It insulates you from electricity.
   rPois:     It protects you from poison.
Armour
 a - a +2 helmet of see invisible (worn)
 e - a +2 pair of boots of flying (worn)
 g - a +2 robe of the Archmagi
 x - a +2 cloak of poison resistance (worn)
 H - the +2 pair of gloves of Dogmatism (worn) {Dex+4 SInv}
   (You acquired it on level 2 of the Elven Halls)

   Dex:       It affects your dexterity (+4).
   SInv:      It lets you see invisible.
 L - a +2 buckler of fire resistance (worn)
 Z - a +2 robe of resistance (worn)
Magical Staves
 d - a staff of earth
 C - a staff of death
 Q - a staff of cold
Jewellery
 w - the ring "Efahaube" {rF+ rC+ Str+2 Dex+2}
   (You found it on level 7 of Cocytus)

   [ring of protection from cold]

   Str:       It affects your strength (+2).
   Dex:       It affects your dexterity (+2).
   rF:        It protects you from fire.
   rC:        It protects you from cold.
 y - the ring of Xom's Best Wishes {rN+ rCorr MP+9 Dex+2}
   (You found it on level 3 of the Tomb of the Ancients)

   [ring of magical power]

   Dex:       It affects your dexterity (+2).
   rN:        It protects you from negative energy.
   MP:        It affects your magic capacity (+9).
   rCorr:     It protects you from acid and corrosion.
 J - the amulet "Hooqigai" {Faith Fly rN+ Dex+2}
   (You found it on level 3 of the Tomb of the Ancients)

   [amulet of faith]

   It allows you to gain divine favour quickly.
   Dex:       It affects your dexterity (+2).
   rN:        It protects you from negative energy.
   Fly:       It grants you flight.
 M - the ring of the Mage (right hand) {Wiz Archmagi}
   (You found it on level 7 of Gehenna)

   [ring of wizardry]

   It improves your spell success rate.
   Archmagi:  It increases the power of your magical spells.
 U - the amulet of Milarph (around neck) {Reflect rC+ MP+9 Int-5 SH+5}
   (You found it on level 7 of Gehenna)

   [amulet of reflection]

   It reflects blocked missile attacks.
   Int:       It affects your intelligence (-5).
   rC:        It protects you from cold.
   MP:        It affects your magic capacity (+9).
   SH:        It affects your SH (+5).
 X - the ring "Qusoih" (left hand) {Ice rPois Str+2}
   (You found it on level 1 of the Lair of Beasts)

   [ring of ice]

   It enhances your ice magic.
   Str:       It affects your strength (+2).
   rF:        It makes you vulnerable to fire.
   rC:        It protects you from cold.
   rPois:     It protects you from poison.
 Y - the ring "Oduf" {rPois Will+ Stlth+}
   (You took it off an ironbound convoker on level 3 of the Vaults)

   [ring of willpower]

   rPois:     It protects you from poison.
   Will:      It increases your willpower.
   Stlth:     It makes you more stealthy.
Wands
 s - a wand of flame (79)
 v - a wand of iceblast (32)
 E - a wand of acid (4)
 I - a wand of paralysis (22)
 T - a wand of digging (24)
Scrolls
 b - 7 scrolls of fear
 c - 6 scrolls of magic mapping
 p - a scroll of holy word
 t - 9 scrolls of fog
 u - 17 scrolls of teleportation
 P - a scroll of silence
 V - a scroll of summoning
Potions
 f - a potion of haste
 i - 2 potions of brilliance
 j - a potion of heal wounds
 l - 20 potions of curing
 n - 3 potions of cancellation
 r - 3 potions of magic
 z - a potion of resistance
 B - 3 potions of ambrosia
 F - 7 potions of attraction
 G - 4 potions of invisibility
 K - 9 potions of lignification
Miscellaneous
 h - a phantom mirror
 k - a phantom mirror
 o - a box of beasts
 q - a phial of floods
 N - a figurine of a ziggurat


   Skills:
 + Level 11.3 Fighting
 - Level 10.0 Dodging
 - Level 7.0 Stealth
 - Level 6.0 Shields
 O Level 27 Spellcasting
 - Level 15.5 Conjurations
 - Level 4.6 Necromancy
 - Level 4.0 Translocations
 - Level 7.8 Fire Magic
 - Level 25.0 Ice Magic
 + Level 22.5 Earth Magic


You couldn't memorise any spells.
You knew the following spells:

 Your Spells              Type           Power      Damage    Failure   Level
a - Apportation           Tloc           100%       N/A       1%          1
b - Shatter               Erth           82%        3d59*     1%          9
c - Ozocubu's Armour      Ice            100%       N/A       0%          3
d - Hailstorm             Conj/Ice       100%       3d20      0%          4
e - Sublimation of Blood  Necr           100%       N/A       1%          2
f - Ozocubu's Refrigerat  Ice            98%        4d24      0%          7
g - Simulacrum            Ice/Necr       85%        N/A       1%          6
h - Orb of Destruction    Conj           73%        9d17      1%          7
i - Fireball              Conj/Fire      67%        3d25      1%          5
j - Freezing Cloud        Conj/Ice/Air   83%        6-21      0%          5
k - Polar Vortex          Ice            98%        N/A       1%          9
m - Borgnjor's Vile Clut  Necr/Erth      70%        N/A       0%          5
n - Passage of Golubria   Tloc           100%       N/A       1%          4
o - Metabolic Englaciati  Hex/Ice        81%        N/A       1%          5
p - Lehudib's Crystal Sp  Conj/Erth      78%        10d17     1%          8

Your spell library contained the following spells:

 Spells                   Type           Power      Damage    Failure   Level
 Foxfire                  Conj/Fire      100%       2x1d9     0%          1
 Freeze                   Ice            100%       1d11      0%          1
 Magic Dart               Conj           100%       1d8       0%          1
 Sandblast                Erth           100%       2d20      0%          1
 Passwall                 Tmut/Erth      100%       N/A       0%          2
 Scorch                   Fire           100%       2d10      0%          2
 Searing Ray              Conj           100%       2d8       0%          2
 Static Discharge         Conj/Air       100%       N/A       0%          2
 Conjure Flame            Conj/Fire      100%       6-21      0%          3
 Frozen Ramparts          Ice            100%       1d12      0%          3
 Stone Arrow              Conj/Erth      100%       3d13      0%          3
 Animate Armour           Summ/Erth      100%       N/A       0%          4
 Flame Wave               Conj/Fire      100%       2d17      0%          4
 Ice Form                 Ice/Tmut       100%       N/A       0%          4
 Leda's Liquefaction      Hex/Erth       66%        N/A       0%          4
 Sticky Flame             Conj/Fire      100%       2d11      0%          4
 Iskenderun's Battlesphe  Conj           100%       2d15      0%          5
 Lee's Rapid Deconstruct  Erth           82%        3d37*     0%          5
 Iron Shot                Conj/Erth      78%        9d14      0%          6
 Animate Skeleton         Necr           100%       N/A       1%          1
 Beastly Appendage        Tmut           100%       N/A       1%          1
 Pain                     Necr           100%       1d9       1%          1
 Summon Small Mammal      Summ           100%       N/A       1%          1
 Corpse Rot               Necr/Air       100%       N/A       1%          2
 Poisonous Vapours        Pois/Air       100%       N/A       1%          2
 Wereblood                Tmut           79%        N/A       1%          2
 Call Canine Familiar     Summ           79%        N/A       1%          3
 Dazzling Flash           Conj/Hex       100%       N/A       1%          3
 Gell's Gravitas          Tloc           100%       N/A       1%          3
 Ignite Poison            Fire/Tmut/Pois 96%        N/A       1%          3
 Inner Flame              Hex/Fire       100%       N/A       1%          3
 Lesser Beckoning         Tloc           100%       N/A       1%          3
 Mephitic Cloud           Conj/Pois/Air  100%       N/A       1%          3
 Spider Form              Tmut/Pois      79%        N/A       1%          3
 Summon Guardian Golem    Hex/Summ       79%        N/A       1%          3
 Teleport Other           Tloc           100%       N/A       1%          3
 Tukima's Dance           Hex            79%        N/A       1%          3
 Vampiric Draining        Necr           100%       2d13      1%          3
 Anguish                  Hex/Necr       47%        N/A       1%          4
 Animate Dead             Necr           53%        N/A       1%          4
 Cause Fear               Hex            39%        N/A       1%          4
 Dispel Undead            Necr           100%       3d31      1%          4
 Fulminant Prism          Conj/Hex       60%        3d27      1%          4
 Iskenderun's Mystic Bla  Conj/Tloc      100%       2d19      1%          4
 Summon Lightning Spire   Summ/Air       79%        N/A       1%          4
 Agony                    Necr           100%       N/A       1%          5
 Irradiate                Conj/Tmut      60%        3d33      1%          5
 Summon Forest            Summ/Tloc      46%        N/A       1%          5
 Conjure Ball Lightning   Conj/Air       60%        3x3d22    1%          6
 Death Channel            Necr           53%        N/A       1%          6
 Starburst                Conj/Fire      67%        6d18      1%          6
 Alistair's Intoxication  Tmut/Pois      52%        N/A       2%          5
 Blade Hands              Tmut           39%        N/A       2%          5
 Silence                  Hex/Air        39%        N/A       2%          5
 Summon Mana Viper        Hex/Summ       79%        N/A       2%          5
 Dispersal                Tloc           52%        N/A       2%          6
 Spellforged Servitor     Conj/Summ      60%        N/A       2%          7
 Eringya's Noxious Bog    Tmut/Pois      39%        N/A       12%         6
 Summon Cactus Giant      Summ           39%        N/A       12%         6
 Ignition                 Fire           60%        3d16      21%         8
 Haunt                    Necr/Summ      47%        N/A       26%         7
 Dragon Form              Tmut           39%        N/A       52%         7
 Enfeeble                 Hex            39%        N/A       52%         7
 Summon Hydra             Summ           39%        N/A       52%         7
 Fire Storm               Conj/Fire      67%        8d17      52%         9
 Borgnjor's Revivificati  Necr           53%        N/A       58%         8
 Infestation              Necr           53%        N/A       58%         8
 Disjunction              Tloc           52%        N/A       65%         8
 Necromutation            Tmut/Necr      47%        N/A       87%         8
 Chain Lightning          Conj/Air       60%        3d80      96%         9
 Discord                  Hex            39%        N/A       99%         8
 Death's Door             Necr           53%        N/A       100%        9


Dungeon Overview and Level Annotations

Branches:
Dungeon (15/15)            Temple (0/1) D:4            Lair (6/6) D:9
  Swamp (4/4) Lair:4       Spider (4/4) Lair:2        Slime (5/5) Lair:6
    Orc (2/2) D:11            Elf (3/3) Orc:2        Vaults (5/5) D:14
  Crypt (3/3) Vaults:3       Tomb (3/3) Crypt:3      Depths (4/4) D:15
   Hell (visited)             Dis (0/7) Hell            Geh (7/7) Hell
    Coc (7/7) Hell            Tar (7/7) Hell            Zot (0/5) Depths:4
 WizLab (visited)

Shops:
D:3 [   D:5 *   D:13 [   D:15 (   Orc:2 =([*=   Elf:2 *   Vaults:3 (
Vaults:5 (=!   Depths:1 *

Portals:
Hell: Lair:6 Depths:1 Depths:2 Depths:3 Depths:4
Abyss: Lair:4 Geh:4 Depths:2 Depths:3 Depths:4
Pandemonium: Depths:1 Depths:2 Depths:3
Ziggurat: Depths:1
Trove: Vaults:1 (give 8 scrolls of fog)

Annotations:
D:3 2 transporters, aloneDruid's ghost, amateur FoFi
Spider:4 exclusion: 3 doors
Orc:1 1 runed translucent door, Cotigaf's ghost, journeyman MiFi
Elf:2 1 exclusion


Innate Abilities, Weirdness & Mutations

You have an increased reservoir of magic. (+10% MP)
You shall have no god before yourself.
Your divine heritage dramatically boosts your attributes as you level up.
You are partially covered in large bone plates. (SH +4)
You are somewhat resistant to further mutation.
You passively dampen the noise of your surroundings.


Message History

The titan waves its arms in wide circles.
The air twists around and strikes you!
* * * LOW HITPOINT WARNING * * *
Casting: Orb of Destruction (mildly dangerous; 1% risk of failure)
Confirm with . or Enter, or press ? or * to list all spells.
You feel a surge of power!
The dungeon rumbles!
You kill the titan!
Ka-crash!
Unknown command.
A shard shrike comes into view.
Casting: Shatter (dangerous; 1% risk of failure)
Confirm with . or Enter, or press ? or * to list all spells.
Aiming: Passage of Golubria (safe; 1% risk of failure)
Press: ? - help, Dir - move target You feel a surge of power!
The shard shrike spits a shard of ice at you.
The shard of ice misses you.
You enter the passage of Golubria.
The shard shrike screeches!
There is a passage of Golubria here.
As you read the scroll of teleportation, it crumbles to dust.
You feel strangely unstable.
The shard shrike spits a shard of ice at you.
The shard of ice hits you!! You partially resist.
* * * LOW HITPOINT WARNING * * *
The shard shrike misses you. The shard shrike claws you.
* * * LOW HITPOINT WARNING * * *
The shard shrike freezes you. You resist.
* * * LOW HITPOINT WARNING * * *
Things that are here:
+0 ice dragon scales; an ice dragon corpse Your surroundings suddenly seem different.
A harpy simulacrum, a wendigo and 2 shard shrike simulacra come into view.
The wendigo howls!
The wendigo gestures.
The shard shrike simulacrum collapses into a mass of ice!
The mass of ice explodes!
The seracfall engulfs you!!! You partially resist.
You die...

**,,,,**,^,,,,,,,,
**,,,,*#..,≈≈≈≈≈≈≈≈
**,,,,*#...≈≈≈≈≈≈≈≈≈
**,,,,*#...≈≈≈≈≈≈≈≈≈≈
**,,,,*#...≈≈,,,,,,,,,
**,,,,*#...≈≈.,,,,,,,,,
**,,,,##Z..≈≈..,,*******
**,,,,##☼..≈≈...,********
**,,,,*#.@.≈≈..Z.**,,,,,,,
**,,,,*#...≈≈...R#*,,,⌠,,,,
**,,,,*#...≈≈....##,,,,,,,,,
*,,,,*#...≈≈....##,,,,,,≈≈≈≈
*,,,,*#...≈≈...##,,,,,≈≈≈≈≈≈
*,,,,*#..≈≈≈.^##,,,,≈≈≈≈≈***
*,,,,*#..≈≈≈.##,,,,≈≈≈≈≈**,,
*,,,,*#..≈≈≈.#*,,,,≈≈≈≈≈*,,,
*,^,,**,,≈≈≈,**,,,≈≈≈≈≈≈*,,,


You could see a wendigo, a harpy simulacrum (dormant) and a shard shrike
simulacrum (wandering).

Vanquished Creatures
  Antaeus (Coc:7)
  Asmodeus (Geh:7)
  the Royal Jelly (Slime:5)
  the Serpent of Hell (Geh:7)
  3 dread liches
  5 ancient liches
  Khufu (Tomb:2)
  Sojobo (Tomb:2)
  12 royal mummies
  18 shard shrikes
  Frederick (Crypt:3)
  A caustic shrike (Depths:4)
  Saint Roka (Elf:3)
  Geryon (Hell)
  6 golden dragons
  2 profane servitors
  14 bone dragons
  4 Brimstone Fiends
  12 doom hounds
  Arachne (Spider:4)
  8 Tzitzimimeh
  15 searing wretches
  14 hellephants
  13 tentacled monstrosities
  9 Ice Fiends
  17 tainted leviathans
  5 liches
  4 deep elf master archers (Elf:3)
  3 deep elf blademasters (Elf:3)
  A shard shrike skeleton (Abyss:3)
  A quicksilver dragon (Vaults:5)
  11 titans
  17 acid blobs
  Gastronok (Lair:2)
  2 krakens (Abyss:4)
  13 ancient champions
  8 storm dragons
  8 sphinxes
  9 tentacled starspawn (Abyss:4)
  8 shadow dragons
  2 thorn hunters (Swamp:4)
  A draconian monk (Abyss:4)
  13 tengu reavers
  8 revenants
  11 narguns
  10 azure jellies
  17 fire giants
  23 vault wardens
  5 rockslimes
  A draconian knight (WizLab)
  3 emperor scorpions
  2 fenstrider witches (Swamp:4)
  9 deep elf sorcerers
  A spectral juggernaut (Tar:6)
  7 frost giants
  A spectral caustic shrike (Tar:4)
  Aizul (Swamp:1)
  A cacodemon (Abyss:3)
  10 balrugs
  A draconian scorcher (Depths:4)
  3 iron dragons
  8 shard shrike simulacra
  An angel (Abyss:4)
  5 ghost moths
  2 draconian stormcallers
  A draconian shifter (Depths:4)
  4 deep elf elementalists
  9 reapers
  Louise (D:14)
  2 curse skulls
  3 war gargoyles
  2 draconian annihilators
  7 ghouls
  14 stone giants
  A juggernaut skeleton (Abyss:4)
  6 quicksilver oozes
  A caustic shrike skeleton (Depths:2)
  19 ironbound preservers
  15 ironbound thunderhulks
  2 broodmothers
  24 very ugly things
  10 bennus
  A deep elf demonologist (Vaults:5)
  33 elemental wellsprings
  27 vampire knights
  13 dire elephants
  10 deep elf annihilators
  7 putrid mouths
  2 black draconians (Depths:4)
  Azrael (Spider:3)
  2 eleionomae
  An entropy weaver (shapeshifter) (Vaults:5)
  4 bunyips
  12 purple draconians
  3 entropy weavers
  2 lorocyprocas (Hell)
  13 wendigos
  A white draconian (Depths:4)
  9 eidola
  3 deep elf death magi
  6 spark wasps
  9 statues (WizLab)
  A crystal guardian (Vaults:3)
  2 iron golems (Hell)
  3 fire dragons
  5 blizzard demons
  4 deep elf high priests
  22 yaktaur captains
  2 spriggan zombies (Tomb:1)
  15 mummy priests
  19 jiangshi
  A fenstrider witch zombie (Crypt:1)
  2 shambling mangroves
  11 ettins
  2 spectral quicksilver dragons
  Fannar (Orc:1)
  A naga warrior (Abyss:4)
  A spectral spriggan (Tar:3)
  The ghost of crompyre the Ducker, a journeyman DgFE (D:11)
  14 great orbs of eyes
  12 caustic shrike simulacra
  27 hydras
  Harold (D:9)
  14 ice dragons
  2 juggernaut simulacra
  5 boulder beetles
  34 vault guards
  5 rakshasas
  3 jorogumos (Spider:4)
  Erolcha (Orc:1)
  A peacekeeper (Vaults:3)
  9 salamander tyrants
  2 spriggan air magi
  A catoblepas (Lair:6)
  Erica (D:8)
  A fenstrider witch skeleton (Crypt:2)
  5 ironbound frosthearts
  2 hell beasts
  3 ghost crabs
  6 stokers
  14 dancing weapons
  5 alligators
  12 death scarabs (Tomb:1)
  6 tengu warriors
  9 deep troll shamans
  8 centaur warriors
  9 deep troll earth magi
  10 two-headed ogres
  6 death knights
  16 hell hogs
  9 death yaks
  10 hell knights
  2 orc high priests (Orc:2)
  The ghost of ptr the Covert, a journeyman FeEn of Vehumet (Lair:2)
  2 spectral dire elephants
  21 thrashing horrors
  10 deep elf knights
  9 soul eaters
  18 vampire magi
  4 titan zombies
  Sonja (Orc:1)
  An emperor scorpion zombie (Crypt:1)
  5 spriggan berserkers
  Urug (Orc:1)
  14 sun demons
  11 wretched stars
  5 shadow wraiths
  38 skeletal warriors
  4 quicksilver dragon simulacra
  10 iron trolls
  6 pharaoh ants
  65 deep trolls
  2 sun moths
  8 sixfirhies
  5 goliath frogs
  6 flayed ghosts
  4 spectral anacondas
  A spark wasp zombie (Depths:2)
  7 spatial maelstroms
  A bunyip skeleton (Crypt:1)
  An iron giant zombie (Tomb:3)
  10 steelbarb worms
  A fire crab (Abyss:4)
  5 spriggan druids
  19 orb spiders
  2 spectral iron dragons (Tar:3)
  10 lindwurms
  A bunyip zombie (Crypt:1)
  4 glowing orange brains
  2 shadow demons (Hell)
  2 spectral hydras
  An orb spider (shapeshifter) (Depths:4)
  17 ironbound convokers
  2 anaconda zombies
  2 wolf spiders (shapeshifter) (Vaults:5)
  31 phantasmal warriors
  10 swamp dragons
  19 deep elf archers
  11 wizards
  7 bog bodies
  11 necromancers
  28 deep elf zephyrmancers
  2 shadow dragon zombies (Crypt:3)
  3 orc knights
  2 orange crystal statues (Depths:3)
  19 wolf spiders
  4 harpies (Vaults:1)
  An iron dragon zombie (Crypt:3)
  29 deep elf pyromancers
  A goliath frog zombie (Crypt:1)
  3 oklob plants (Lair:6)
  A frost giant zombie (Depths:2)
  An anaconda skeleton (Tomb:3)
  60 ugly things
  An eleionoma zombie (Crypt:2)
  7 orc sorcerers
  4 cyclopes
  4 manticores
  A shadow dragon skeleton (Depths:2)
  5 shining eyes
  A goliath frog skeleton (Crypt:2)
  4 black mambas
  A fire giant zombie (Vaults:3)
  11 elephants
  5 moths of wrath
  6 will-o-the-wisps
  A spectral centaur (Tar:1)
  2 worldbinders (Abyss:4)
  A salamander (Abyss:4)
  18 vault sentinels
  A naga zombie (Crypt:3)
  An alligator snapping turtle zombie (Crypt:3)
  2 guardian serpents (Abyss:4)
  2 apocalypse crabs (Abyss:4)
  An eye of devastation (Slime:2)
  10 rust devils
  4 molten gargoyles
  7 torpor snails
  17 smoke demons
  3 gargoyles
  A green draconian zombie (Crypt:1)
  10 hellions
  4 ice statues (Coc:3)
  A storm dragon simulacrum (Coc:1)
  6 orange demons
  6 titan simulacra
  A cane toad (shapeshifter) (Abyss:4)
  A dire elephant skeleton (Crypt:1)
  2 yaktaur zombies
  5 rime drakes
  12 cane toads
  4 unseen horrors
  Maggie (D:10)
  5 efreet
  11 demonic crawlers
  A komodo dragon (shapeshifter) (Elf:3)
  5 hellwings
  79 yaktaurs
  An alligator snapping turtle skeleton (Tomb:2)
  9 anaconda simulacra
  4 bunyip simulacra
  11 freezing wraiths
  An iron giant simulacrum (Coc:5)
  A spark wasp simulacrum (Depths:2)
  A kobold demonologist (Depths:2)
  18 tengu conjurers
  2 spectral nagas
  13 tormentors
  13 ancient zymes
  6 red devils
  4 komodo dragons
  2 harpy zombies
  2 golden dragon simulacra
  6 ice devils
  A white draconian skeleton (Crypt:1)
  3 spectral harpies
  A meliai (shapeshifter) (Abyss:4)
  A death drake zombie (Crypt:3)
  11 trolls
  3 polar bears
  42 guardian mummies
  5 tyrant leeches
  A hornet (shapeshifter) (Abyss:4)
  2 bloated husks
  9 meliai
  26 tarantellas
  Grinder (D:6)
  12 hornets
  A harpy skeleton (Abyss:3)
  Prince Ribbit (D:6)
  22 blink frogs
  18 raiju
  A raiju (shapeshifter) (Vaults:5)
  56 slime creatures
  6 dream sheep (Lair:4)
  A shadow dragon simulacrum (Hell)
  A human simulacrum (Vaults:3)
  A death drake skeleton (Crypt:3)
  2 iron dragon simulacra
  A fire dragon zombie (Crypt:1)
  A dream sheep (shapeshifter) (Vaults:5)
  29 jumping spiders
  2 black mamba zombies
  2 stone giant simulacra
  3 spriggan skeletons
  5 spriggans
  An ettin skeleton (Tomb:3)
  14 flying skulls
  4 shadows
  Sigmund (D:2)
  4 air elementals
  A spriggan (shapeshifter) (Abyss:4)
  24 culicivoras
  12 wraiths
  A centaur simulacrum (Coc:1)
  An ice dragon skeleton (Crypt:3)
  7 ynoxinuls
  5 dire elephant simulacra
  3 ushabtiu
  9 fire elementals
  9 water elementals
  A human (shapeshifter) (Abyss:2)
  11 basilisks
  A fire bat (Abyss:3)
  5 vampires
  A yak (shapeshifter) (Vaults:5)
  3 wyverns
  72 yaks
  A black mamba skeleton (Crypt:1)
  4 golden eyes
  24 small abominations
  A wind drake zombie (Crypt:3)
  3 steam dragons
  46 redbacks
  10 chaos spawn
  A golden eye (shapeshifter) (Vaults:3)
  A yaktaur simulacrum (Vaults:4)
  Menkaure (D:6)
  An elf simulacrum (Vaults:3)
  2 vampire mosquitoes (D:13)
  9 harpy simulacra
  11 spatial vortices
  10 neqoxecs
  A demonspawn zombie (Crypt:2)
  A faun zombie (Crypt:3)
  A deep troll zombie (Crypt:1)
  An elf skeleton (Vaults:4)
  Edmund (D:5)
  An acid dragon (shapeshifter) (Depths:4)
  A naga (Abyss:4)
  A swamp worm (shapeshifter) (Elf:3)
  11 swamp worms
  5 wargs
  4 hydra simulacra
  2 acid dragons
  42 large abominations
  A floating eye (shapeshifter) (Vaults:5)
  11 hell hounds
  16 water moccasins
  8 swamp drakes
  27 orc warriors
  2 sky beasts
  A hornet zombie (D:7)
  39 starcursed masses
  7 ettin simulacra
  A manticore zombie (Crypt:1)
  10 spriggan simulacra
  6 ogres
  6 necrophages
  13 wolves
  A swamp dragon skeleton (Crypt:1)
  A lindwurm zombie (Crypt:3)
  A torpor snail zombie (Crypt:1)
  7 centaurs
  A dream sheep skeleton (Crypt:3)
  A boggart (Vaults:4)
  10 kobold brigands
  2 gnoll sergeants
  5 bullfrogs
  2 scorpions (D:6)
  6 earth elementals
  A water moccasin skeleton (D:6)
  9 killer bees
  10 wights
  5 electric eels (D:9)
  6 howler monkeys
  A lava snake (Elf:2)
  4 centaur zombies
  9 jellies
  3 quasits
  A wolf skeleton (Crypt:3)
  4 hounds
  2 human zombies (Crypt:1)
  25 orc priests
  Crazy Yiuf (D:2)
  2 iguanas
  10 iron imps
  3 human skeletons (Crypt:1)
  46 orc wizards
  A deep dwarf zombie (Crypt:2)
  An acid dragon skeleton (Crypt:3)
  33 mummies
  12 gnolls
  9 adders
  A swamp drake zombie (Crypt:3)
  2 shadow imps
  A swamp drake skeleton (Crypt:1)
  2 white imps
  5 ufetubi
  An iguana zombie (Crypt:2)
  2 worms
  A barachi zombie (Crypt:2)
  70 orcs
  4 ball pythons
  3 bats
  3 endoplasms
  6 giant cockroaches
  4 goblins
  8 hobgoblins
  6 jackals
  2 quokkas (D:2)
  A ball python zombie (Crypt:1)
  A dart slug zombie (Crypt:2)
  7 frilled lizards
  A hobgoblin zombie (Crypt:2)
  6 kobolds
  A quokka zombie (Crypt:1)
  5 rats
  2 bushes
  5 butterflies
  3 creeping infernos
  17 fire vortices
  4 fungi (Crypt:3)
  A lurking horror (Lair:4)
  4 plants (Depths:1)
  12 starspawn tentacles (Abyss:4)
  6 tentacles (Abyss:4)
3227 creatures vanquished.

Vanquished Creatures (collateral kills)
  A tentacled monstrosity (Swamp:3)
  6 ghouls (Swamp:2)
  A bunyip (Swamp:2)
  4 hydras
  2 alligators
  A sun moth (Spider:2)
  3 bog bodies (Swamp:4)
  3 swamp dragons (Swamp:4)
  A tyrant leech (Swamp:4)
  A wraith (D:10)
  A meliai simulacrum (D:12)
  A necrophage (Swamp:2)
25 creatures vanquished.

Vanquished Creatures (others)
  A shadow dragon (Depths:3)
  2 shard shrike simulacra
  A hell hog (Hell)
  A will-o-the-wisp (Swamp:4)
  2 titan simulacra
  A yaktaur (Vaults:3)
  An anaconda simulacrum (Coc:5)
  A dire elephant simulacrum (Coc:5)
  2 harpy simulacra
  4 bushes
  5 demonic plants
  A fire vortex (Geh:3)
  10 foxfires
  A fulminant prism (Elf:1)
  109 fungi
  A lurking horror (Lair:4)
  101 plants
  5 starspawn tentacles (Abyss:4)
  2 tentacles (Abyss:4)
251 creatures vanquished.

Grand Total: 3503 creatures vanquished

Notes
Turn   | Place    | Note
-------+----------+-------------------------------------------
     0 | D:1      | Duralumin the Demigod Ice Elementalist began the quest for
                  | the Orb.
     0 | D:1      | Reached XP level 1. HP: 14/14 MP: 5/5
   151 | D:1      | Reached skill level 2 in Spellcasting
   303 | D:1      | Reached XP level 2. HP: 20/20 MP: 0/7
   970 | D:2      | Reached XP level 3. HP: 26/26 MP: 6/9
  1051 | D:2      | Learned a level 3 spell: Frozen Ramparts
  1055 | D:2      | Learned a level 3 spell: Ozocubu's Armour
  1273 | D:2      | Noticed Sigmund
  1292 | D:2      | Killed Sigmund
  1293 | D:2      | Reached skill level 3 in Spellcasting
  1293 | D:2      | Reached skill level 5 in Ice Magic
  1293 | D:2      | Reached XP level 4. HP: 22/33 MP: 0/12
  1293 | D:2      | Reached XP level 5. HP: 25/38 MP: 0/13
  1353 | D:2      | Learned a level 4 spell: Hailstorm
  1581 | D:2      | Found a runed translucent door.
  1582 | D:2      | Noticed Crazy Yiuf
  1591 | D:2      | Killed Crazy Yiuf
  2266 | D:3      | Found a transporter.
  2266 | D:3      | Noticed aloneDruid's ghost (amateur FoFi)
  2269 | D:3      | Noticed a necrophage
  2290 | D:3      | Reached skill level 1 in Conjurations
  2518 | D:3      | Found Niemexti's Antique Armour Boutique.
  2722 | D:3      | Found a transporter.
  3448 | D:4      | Found a staircase to the Ecumenical Temple.
  4181 | D:5      | Entered Level 5 of the Dungeon
  4217 | D:5      | Reached XP level 6. HP: 43/45 MP: 8/15
  4221 | D:5      | Reached skill level 4 in Spellcasting
  4321 | D:5      | Noticed a water moccasin
  4327 | D:5      | Killed a water moccasin
  4747 | D:5      | Reached XP level 7. HP: 50/50 MP: 3/17
  4853 | D:5      | Identified the ring "Dustrupp" {rF+ Str+2 Dex+6}
  4905 | D:5      | Found Ucaah's Assorted Antiques.
  4909 | D:5      | Bought a scroll of identify for 60 gold pieces
  4909 | D:5      | Bought a scroll labelled LEVAL HOGHUD for 30 gold pieces
  4909 | D:5      | Bought a sedimented white potion for 27 gold pieces
  5597 | D:6      | Noticed Edmund
  5597 | D:6      | Noticed Prince Ribbit
  5608 | D:5      | Killed Edmund
  5609 | D:5      | Reached skill level 5 in Spellcasting
  5791 | D:6      | Noticed Menkaure
  6121 | D:6      | Killed Menkaure
  6122 | D:6      | Reached XP level 8. HP: 57/57 MP: 10/19
  6316 | D:6      | Noticed Grinder
  6541 | D:6      | Killed Prince Ribbit
  6583 | D:6      | Reached skill level 6 in Spellcasting
  6583 | D:6      | Reached skill level 5 in Conjurations
  6903 | D:6      | Killed Grinder
  7598 | D:7      | Reached XP level 9. HP: 62/62 MP: 12/22
  8238 | D:7      | Reached skill level 7 in Spellcasting
  8658 | D:7      | Learned a level 3 spell: Conjure Flame
  9196 | D:8      | Noticed a two-headed ogre
  9202 | D:8      | Killed a two-headed ogre
  9838 | D:8      | Reached XP level 10. HP: 47/69 MP: 13/25
 10325 | D:8      | Noticed Erica
 10343 | D:8      | Killed Erica
 10344 | D:8      | Reached skill level 8 in Spellcasting
 11207 | D:9      | Noticed Harold
 11242 | D:9      | Killed Harold
 11243 | D:9      | Reached skill level 10 in Ice Magic
 11304 | D:9      | Found a staircase to the Lair.
 11508 | D:9      | Reached skill level 9 in Spellcasting
 12261 | D:9      | Reached XP level 11. HP: 63/74 MP: 7/28
 12617 | D:9      | Learned a level 7 spell: Ozocubu's Refrigeration
 12661 | Lair:1   | Entered Level 1 of the Lair of Beasts
 13068 | Lair:1   | Identified the ring "Qusoih" {Ice rPois Str+2}
 13377 | Lair:1   | Identified a scroll of acquirement
 13377 | Lair:1   | Acquired a +0 helmet of see invisible
 13443 | Lair:1   | Gained mutation: Your spells are a little harder to cast,
                  | but a little more powerful. [potion of mutation]
 13443 | Lair:1   | Gained mutation: Your natural rate of healing is unusually
                  | fast. [potion of mutation]
 13443 | Lair:1   | Gained mutation: You are clumsy. (Dex -2) [potion of
                  | mutation]
 13444 | Lair:1   | Lost mutation: You are clumsy. (Dex -2) [potion of
                  | mutation]
 13444 | Lair:1   | Lost mutation: Your natural rate of healing is unusually
                  | fast. [potion of mutation]
 13444 | Lair:1   | Lost mutation: Your spells are a little harder to cast, but
                  | a little more powerful. [potion of mutation]
 13444 | Lair:1   | Gained mutation: Potions are less effective at restoring
                  | your health. [potion of mutation]
 13444 | Lair:1   | Gained mutation: You sometimes lose the ability to read
                  | scrolls when taking damage. [potion of mutation]
 13445 | Lair:1   | Lost mutation: You sometimes lose the ability to read
                  | scrolls when taking damage. [potion of mutation]
 13445 | Lair:1   | Lost mutation: Potions are less effective at restoring your
                  | health. [potion of mutation]
 13445 | Lair:1   | Gained mutation: You are partially covered in large bone
                  | plates. (SH +4) [potion of mutation]
 13445 | Lair:1   | Gained mutation: You are somewhat resistant to further
                  | mutation. [potion of mutation]
 13445 | Lair:1   | Gained mutation: You passively dampen the noise of your
                  | surroundings. [potion of mutation]
 13531 | Lair:1   | Reached skill level 10 in Spellcasting
 14167 | Lair:2   | Noticed Gastronok
 14188 | Lair:2   | Noticed a death yak
 14206 | Lair:2   | Killed a death yak
 14457 | Lair:2   | Noticed a death yak
 14459 | Lair:2   | Noticed a death yak
 14466 | Lair:2   | Killed a death yak
 14472 | Lair:2   | Killed a death yak
 14581 | Lair:2   | Found a runed translucent door.
 14581 | Lair:2   | Noticed ptr's ghost (journeyman FeEn)
 14589 | Lair:2   | Found a hole to the Spider Nest.
 14723 | Lair:2   | Identified the +7 war axe of the Lost Beasts {vorpal,
                  | Will++ Str-2}
 15740 | Lair:3   | Reached skill level 11 in Spellcasting
 16017 | Lair:3   | Reached XP level 12. HP: 79/81 MP: 13/31
 16680 | Lair:4   | Found a one-way gate to the infinite horrors of the Abyss.
 17354 | Lair:4   | Noticed a six-headed hydra
 17358 | Lair:4   | Killed a six-headed hydra
 17446 | Lair:4   | Reached skill level 12 in Spellcasting
 17575 | Lair:4   | Noticed a four-headed hydra
 17580 | Lair:4   | Killed a four-headed hydra
 17787 | Lair:4   | Noticed a seven-headed hydra
 17797 | Lair:4   | Killed a seven-headed hydra
 17972 | Lair:4   | Found a staircase to the Swamp.
 18125 | Lair:4   | Noticed a six-headed hydra
 18170 | Lair:4   | Killed a six-headed hydra
 19488 | Lair:6   | Entered Level 6 of the Lair of Beasts
 19618 | Lair:6   | Reached XP level 13. HP: 86/86 MP: 16/34
 19776 | Lair:6   | Reached skill level 13 in Spellcasting
 20681 | Lair:6   | Reached skill level 15 in Ice Magic
 21966 | Lair:6   | Reached skill level 14 in Spellcasting
 21973 | Lair:6   | Learned a level 6 spell: Simulacrum
 22207 | Lair:6   | Identified the +11 falchion of Grandeur {pain, Str+7 SInv}
 22252 | Lair:6   | Reached skill level 1 in Necromancy
 22579 | Lair:6   | Found a gateway to Hell.
 22729 | Lair:6   | Found a staircase to the Slime Pits.
 23363 | Lair:2   | Killed Gastronok
 23538 | Lair:2   | Killed ptr's ghost
 23726 | D:10     | Entered Level 10 of the Dungeon
 23849 | D:10     | Reached XP level 14. HP: 89/93 MP: 6/37
 23869 | D:10     | Noticed Maggie
 23981 | D:10     | Killed Maggie
 25142 | D:11     | Found a staircase to the Orcish Mines.
 25239 | D:11     | Found a runed translucent door.
 25240 | D:11     | Noticed crompyre's ghost (journeyman DgFE)
 25319 | D:11     | Killed crompyre's ghost
 26086 | Orc:1    | Entered Level 1 of the Orcish Mines
 26086 | Orc:1    | Noticed Urug
 26088 | Orc:1    | Killed Urug
 26193 | Orc:1    | Noticed Erolcha
 26195 | Orc:1    | Killed Erolcha
 26351 | Orc:1    | Noticed Sonja
 26355 | Orc:1    | Killed Sonja
 26794 | Orc:1    | Noticed Fannar
 26803 | Orc:1    | Killed Fannar
 26957 | Orc:1    | Found a runed translucent door.
 26960 | Orc:1    | Noticed Cotigaf's ghost (journeyman MiFi)
 27050 | Orc:2    | Entered Level 2 of the Orcish Mines
 27050 | Orc:2    | Found a staircase to the Elven Halls.
 27530 | Orc:2    | Found Odisy's Weapon Shoppe.
 27530 | Orc:2    | Found Yrecar Veuli's Assorted Antiques.
 27546 | Orc:2    | Found Yxynew's Armour Emporium.
 27548 | Orc:2    | Found Nioles's Jewellery Shoppe.
 27683 | Orc:2    | Bought a bone ring for 165 gold pieces
 28242 | Orc:2    | Reached skill level 15 in Spellcasting
 28295 | Orc:2    | Found Liplag's Jewellery Boutique.
 28953 | D:3      | Bought a pair of runed boots for 255 gold pieces
 29231 | Swamp:1  | Entered Level 1 of the Swamp
 29245 | Swamp:1  | Noticed Aizul
 29252 | Swamp:1  | Killed Aizul
 30537 | Swamp:2  | Noticed a ghoul
 30538 | Swamp:2  | Noticed a ghoul
 30829 | Swamp:2  | Noticed a ghoul
 30831 | Swamp:2  | Noticed a ghoul
 30831 | Swamp:2  | Noticed a ghoul
 30983 | Swamp:2  | Reached XP level 15. HP: 99/99 MP: 31/39
 31249 | Swamp:2  | Identified the ring "Hanemakk" {Fire Drain Will++ rCorr}
 31886 | Swamp:3  | Noticed a tentacled monstrosity
 31898 | Swamp:3  | Killed a tentacled monstrosity
 32126 | Swamp:3  | Reached skill level 5 in Stealth
 32366 | Swamp:3  | Noticed a tentacled monstrosity
 32457 | Swamp:3  | Killed a tentacled monstrosity
 32458 | Swamp:3  | Reached skill level 5 in Dodging
 32753 | Swamp:3  | Identified the +9 morningstar of Flawed Execution {flame,
                  | Dex+3}
 33300 | Swamp:4  | Entered Level 4 of the Swamp
 33300 | Swamp:4  | Noticed a fenstrider witch
 33303 | Swamp:4  | Killed a fenstrider witch
 33673 | Swamp:4  | Noticed a fenstrider witch
 33675 | Swamp:4  | Killed a fenstrider witch
 34007 | Swamp:4  | Learned a level 7 spell: Orb of Destruction
 34014 | Swamp:4  | Reached skill level 16 in Spellcasting
 34966 | Swamp:4  | Noticed a thorn hunter
 34969 | Swamp:4  | Killed a thorn hunter
 35049 | Swamp:4  | Reached XP level 16. HP: 80/105 MP: 3/41
 35501 | Swamp:4  | Got a decaying rune of Zot
 36064 | D:12     | Found Wucelel's Assorted Antiques.
 37227 | D:13     | Reached skill level 10 in Conjurations
 37230 | D:13     | Identified the +1 ring mail "Zianaph" {rPois Int+4 Dex+3}
 37428 | D:13     | Found Zoqam's Armour Shop.
 38029 | D:14     | Learned a level 5 spell: Fireball
 38034 | D:14     | Noticed Louise
 38037 | D:14     | Cast into level 2 of the Abyss (Louise)
 38146 | Abyss:2  | Noticed a bone dragon
 38197 | Abyss:2  | Paralysed by accursed screaming for 1 turns
 38561 | Abyss:2  | Noticed a tentacled starspawn
 38871 | D:14     | Escaped the Abyss
 39087 | D:14     | Killed Louise
 39387 | D:14     | Found a gate to the Vaults.
 39448 | D:14     | Identified the +2 ring mail of Vexation {Dex+4}
 39629 | D:14     | Reached skill level 17 in Spellcasting
 39923 | D:15     | Entered Level 15 of the Dungeon
 40383 | D:15     | Found Eqiucsoa's Weapon Shop.
 40752 | D:15     | Found a staircase to the Depths.
 41565 | Spider:1 | Entered Level 1 of the Spider Nest
 44712 | Spider:2 | Reached XP level 17. HP: 111/111 MP: 36/44
 46104 | Spider:3 | Reached skill level 18 in Spellcasting
 46279 | Spider:3 | Reached skill level 1 in Fire Magic
 46308 | Spider:3 | Noticed Azrael
 46310 | Spider:3 | Killed Azrael
 47744 | Spider:4 | Entered Level 4 of the Spider Nest
 49375 | Spider:4 | Noticed Arachne
 49380 | Spider:4 | Killed Arachne
 49711 | Spider:4 | Reached skill level 5 in Fire Magic
 50252 | Spider:4 | Got a gossamer rune of Zot
 51626 | Elf:1    | Entered Level 1 of the Elven Halls
 52693 | Elf:1    | Learned a level 4 spell: Fulminant Prism
 52816 | Elf:1    | Reached XP level 18. HP: 75/106 MP: 34/46
 53877 | Elf:2    | Reached skill level 19 in Spellcasting
 54371 | Elf:2    | Found Omuuw's Elven Fire.
 54657 | Elf:2    | Acquired the +2 pair of gloves of Dogmatism {Dex+4 SInv}
 55148 | Elf:3    | Entered Level 3 of the Elven Halls
 55679 | Elf:3    | Paralysed by an air elemental for 1 turns
 56370 | Elf:3    | Reached skill level 15 in Conjurations
 56581 | Elf:3    | Cast into level 4 of the Abyss (a deep elf sorcerer)
 56583 | Abyss:4  | Noticed a bone dragon
 56610 | Elf:3    | Escaped the Abyss
 56680 | Elf:3    | Noticed Saint Roka
 56686 | Elf:3    | Killed Saint Roka
 57835 | Elf:3    | Paralysed by an air elemental for 1 turns
 58303 | Elf:3    | Learned a level 9 spell: Polar Vortex
 58334 | Elf:3    | Found the +8 autumn katana {vorpal, manifold assault}
 58363 | Elf:3    | Got Kiyguwoc's Catalogue of Nocuous Black Rituals
 58392 | Elf:3    | Identified the +9 scale mail of Makhleb's Reproof {Int+2}
 58561 | Elf:2    | Bought the Incunabulum of Heat for 714 gold pieces
 58565 | Elf:2    | Learned a level 2 spell: Sublimation of Blood
 58743 | Lair:1   | Learned a level 5 spell: Freezing Cloud
 58747 | Lair:1   | Learned a level 3 spell: Stone Arrow
 58883 | Vaults:1 | Entered Level 1 of the Vaults
 59004 | Vaults:1 | Found a portal to a secret trove of treasure.
 59147 | Vaults:1 | Reached XP level 19. HP: 75/123 MP: 11/49
 59172 | Vaults:1 | Found a magical portal.
 59178 | WizLab   | Entered Iskenderun's Mystic Tower
 60173 | WizLab   | Reached skill level 20 in Spellcasting
 60355 | WizLab   | Reached skill level 1 in Shields
 61411 | WizLab   | Got Iskenderun's Papyrus of Conjuration
 61411 | WizLab   | Got Iskenderun's Volume of Battle Magic
 65806 | Vaults:3 | Reached XP level 20. HP: 129/129 MP: 21/50
 66381 | Vaults:3 | Found Waanaut's Weapon Emporium.
 66603 | Vaults:3 | Identified the ring "Oduf" {rPois Will+ Stlth+}
 66847 | Vaults:3 | Found a staircase to the Crypt.
 67551 | Vaults:3 | Identified the +7 rapier of the Onslaught {vorpal, rCorr
                  | Stlth+}
 71350 | Orc:2    | Bought a +2 cloak of poison resistance for 296 gold pieces
 71498 | Depths:1 | Entered Level 1 of the Depths
 71498 | Depths:1 | Noticed a dread lich
 71502 | Depths:1 | Found a one-way gateway to a ziggurat.
 71512 | D:15     | Killed a dread lich
 71832 | Depths:1 | Found a one-way gate leading to the halls of Pandemonium.
 72152 | Depths:1 | Found Gozag's Platinum Reserve.
 72631 | Depths:1 | Reached XP level 21. HP: 102/135 MP: 42/51
 73045 | Depths:2 | Identified the +6 quarterstaff of Zanian Ruas {elec, Will+
                  | Int+4 Stlth-}
 73383 | Depths:2 | Noticed a golden dragon
 73389 | Depths:2 | Killed a golden dragon
 74276 | Depths:2 | Reached skill level 1 in Fighting
 75200 | Depths:3 | Reached skill level 5 in Fighting
 75283 | Depths:3 | Reached skill level 1 in Earth Magic
 75577 | Depths:3 | Noticed a shard shrike
 75579 | Depths:3 | Noticed a shard shrike
 75579 | Depths:3 | Noticed a shard shrike
 75585 | Depths:3 | Killed a shard shrike
 75587 | Depths:3 | Killed a shard shrike
 75588 | Depths:3 | Killed a shard shrike
 77265 | Depths:4 | Entered Level 4 of the Depths
 77274 | Depths:4 | Reached skill level 5 in Earth Magic
 77753 | Depths:4 | Reached XP level 22. HP: 141/158 MP: 26/53
 78354 | Depths:4 | Noticed a caustic shrike
 78358 | Depths:4 | Killed a caustic shrike
 79420 | Depths:4 | Found a gate to the Realm of Zot.
 79807 | Depths:4 | Reached skill level 21 in Spellcasting
 81280 | Vaults:5 | Entered Level 5 of the Vaults
 81454 | Vaults:5 | Found Tyanlekh's Distillery.
 81458 | Vaults:5 | Found Meismyng's Jewellery Boutique.
 81462 | Vaults:5 | Reached skill level 22 in Spellcasting
 82490 | Vaults:5 | Identified the ring of Sif Muna's Esteem {Will+ rCorr Int+3
                  | Slay+5 Stlth-}
 82932 | Vaults:5 | Found Faho's Weapon Shoppe.
 83190 | Vaults:5 | Reached skill level 23 in Spellcasting
 83604 | Vaults:5 | Identified the +4 hunting sling "Vink" {venom, rElec rF+
                  | Dex-5 SInv}
 83613 | Vaults:5 | Got a silver rune of Zot
 83815 | Vaults:5 | Reached XP level 23. HP: 93/165 MP: 23/57
 84071 | Vaults:5 | Identified the +6 glaive of Dithmenos {venom, +Blink rPois
                  | rF- Dex+4}
 84072 | Vaults:5 | Identified the +8 hunting sling "Ibuerrat" {speed, rElec
                  | Int-2 Dex+4}
 85414 | Vaults:5 | Noticed an ancient lich
 85438 | Vaults:5 | Killed an ancient lich
 86346 | Slime:1  | Entered Level 1 of the Pits of Slime
 86350 | Slime:1  | Reached skill level 24 in Spellcasting
 86637 | Slime:5  | Entered Level 5 of the Pits of Slime
 86708 | Slime:5  | Noticed the Royal Jelly
 86721 | Slime:5  | Killed the Royal Jelly
 86823 | Slime:5  | Found the +7 great mace "Undeadhunter" {disrupt, rN+}
 86828 | Slime:5  | Found the +12 glaive of Prune {vorpal}
 86866 | Slime:5  | Identified the +3 falchion "Yplooposh" {vorpal, Str+6 Dex+3
                  | Stlth-}
 86872 | Slime:5  | Identified the +8 war axe "Alepne" {elec, rElec rPois Int+4
                  | Dex+6}
 86876 | Slime:5  | Got Naihaib's Grimoire of Clay and the Traveller
 86893 | Slime:5  | Got the Reference Book on the Burning Mountains
 86895 | Slime:5  | Got a slimy rune of Zot
 86925 | Slime:5  | Identified the ring of the Priest {Wiz Dex+3}
 86933 | Slime:5  | Identified the ring "Raenanidd" {Wiz Slay+3}
 86942 | Slime:5  | Got Ukicus's Reference Book on Enchantment
 87241 | Lair:1   | Learned a level 5 spell: Borgnjor's Vile Clutch
 87246 | Lair:1   | Learned a level 4 spell: Passage of Golubria
 87308 | Lair:1   | Learned a level 1 spell: Apportation
 87314 | Lair:1   | Learned a level 5 spell: Metabolic Englaciation
 87421 | Lair:4   | Voluntarily entered the Abyss.
 89304 | Abyss:4  | Noticed a dread lich
 89312 | Abyss:4  | Killed a dread lich
 89645 | Abyss:4  | Reached XP level 24. HP: 168/169 MP: 28/58
 89645 | Abyss:4  | Reached XP level 25. HP: 174/175 MP: 28/58
 89645 | Abyss:4  | Got an abyssal rune of Zot
 89714 | Lair:4   | Escaped the Abyss
 90036 | Crypt:1  | Entered Level 1 of the Crypt
 90150 | Crypt:1  | Reached skill level 1 in Translocations
 90248 | Crypt:1  | Reached skill level 5 in Shields
 91156 | Crypt:2  | Identified the +2 pair of gloves "Gupruipi" {Str+3}
 92081 | Crypt:3  | Entered Level 3 of the Crypt
 92199 | Crypt:3  | Found a staircase to the Tomb.
 92262 | Crypt:3  | Reached skill level 25 in Spellcasting
 92868 | Crypt:3  | Noticed Frederick
 92877 | Crypt:3  | Killed Frederick
 92878 | Crypt:3  | Reached XP level 26. HP: 179/184 MP: 46/59
 93364 | Crypt:3  | Got the Compendium of Black Arts
 93617 | Crypt:3  | Identified the +5 spear of Gehenna {flame, rElec SInv}
 93618 | Crypt:3  | Identified the +6 fustibalus "Bisawevo" {vorpal, rElec
                  | Str+3 Int-2}
 93772 | Crypt:3  | Reached skill level 10 in Earth Magic
 94198 | Vaults:5 | Identified the +1 robe "Big Miti" {Rampage +Blink Dex+4}
 95210 | Tomb:1   | Entered Level 1 of the Tomb of the Ancients
 95903 | Tomb:1   | Identified the +1 scale mail of Unreason {rC+ rN+}
 95954 | Tomb:1   | Noticed a royal mummy
 95960 | Tomb:1   | Killed a royal mummy
 96032 | Tomb:2   | Noticed a royal mummy
 96033 | Tomb:2   | Noticed a royal mummy
 96035 | Tomb:2   | Noticed a royal mummy
 96035 | Tomb:2   | Noticed a royal mummy
 96327 | Tomb:2   | Noticed Sojobo
 96327 | Tomb:2   | Noticed Khufu
 96328 | Tomb:2   | Noticed a royal mummy
 96329 | Tomb:2   | Noticed a royal mummy
 96329 | Tomb:2   | Paralysed by an air elemental for 1 turns
 96333 | Tomb:2   | Killed Sojobo
 96337 | Tomb:2   | Killed Khufu
 96337 | Tomb:2   | Killed a royal mummy
 96337 | Tomb:2   | Killed a royal mummy
 96337 | Tomb:2   | HP: 8/184 [something (23)]
 96523 | Tomb:3   | Entered Level 3 of the Tomb of the Ancients
 96581 | Tomb:3   | Noticed a royal mummy
 96598 | Tomb:3   | Killed a royal mummy
 96705 | Tomb:3   | Noticed a royal mummy
 96705 | Tomb:3   | Identified the +10 falchion of Uncertain Death {distort,
                  | Str+2 Dex+2}
 96705 | Tomb:3   | Noticed a royal mummy
 96715 | Tomb:3   | HP: 8/184 [ancient champion/iron shot (44)]
 96901 | Tomb:3   | Killed a royal mummy
 96905 | Tomb:3   | Noticed a royal mummy
 96918 | Tomb:3   | Killed a royal mummy
 97087 | Tomb:3   | Killed a royal mummy
 97093 | Tomb:3   | Identified the ring of Xom's Best Wishes {rN+ rCorr MP+9
                  | Dex+2}
 97212 | Tomb:3   | Identified the amulet "Zeuculunk" {Acrobat rF+ Int+3}
 97215 | Tomb:3   | Identified the ring of Zoalleawk {rC+ Dex+3}
 97216 | Tomb:3   | Identified the amulet "Hooqigai" {Faith Fly rN+ Dex+2}
 97239 | Tomb:3   | Identified the +6 trident of Upheaval {spect, rC+}
 97254 | Tomb:3   | Identified the +8 plate armour of the Sneaky Hosts {rPois
                  | rC+ Dex+4}
 97262 | Tomb:3   | Identified the +10 spear "Pecs" {vorpal, Int+6}
 97279 | Tomb:3   | Identified the +3 robe "Vuduxos" {*Slow rC++ Str+4
                  | Archmagi}
 97373 | Tomb:3   | Identified the +0 helmet "Hohu" {MP+9 Str+2 Dex+2}
 97380 | Tomb:3   | Identified the +1 plate armour "Gebi" {Rampage rPois
                  | Stlth+}
 97539 | Tomb:3   | Noticed a royal mummy
 97548 | Tomb:3   | Killed a royal mummy
 97549 | Tomb:3   | Reached skill level 10 in Dodging
 97632 | Tomb:3   | Noticed a royal mummy
 97722 | Tomb:3   | Noticed an ancient lich
 97729 | Tomb:3   | Killed an ancient lich
 97732 | Tomb:3   | Killed a royal mummy
 97948 | Tomb:3   | Noticed a royal mummy
 97954 | Tomb:3   | Killed a royal mummy
 97955 | Tomb:3   | Reached skill level 26 in Spellcasting
 98438 | Tomb:3   | Noticed a royal mummy
 98470 | Tomb:3   | Killed a royal mummy
 98876 | Tomb:3   | Noticed a royal mummy
 98890 | Tomb:3   | Killed a royal mummy
 98917 | Tomb:3   | Got a golden rune of Zot
 99577 | Hell     | Entered the Vestibule of Hell
 99577 | Hell     | Noticed Geryon
 99583 | Hell     | Killed Geryon
 99746 | Hell     | Found a gateway to the ashen valley of Gehenna.
 99899 | Hell     | Reached XP level 27. HP: 159/190 MP: 55/60
 99937 | Hell     | Found a gateway to the freezing wastes of Cocytus.
100311 | Hell     | Found a gateway to the decaying netherworld of Tartarus.
100530 | Hell     | Found a gateway to the Iron City of Dis.
100573 | Hell     | Learned a level 8 spell: Lehudib's Crystal Spear
101402 | Geh:1    | Entered Level 1 of Gehenna
101406 | Geh:1    | Noticed an ancient lich
101410 | Geh:1    | Killed an ancient lich
102998 | Geh:7    | Entered Level 7 of Gehenna
103060 | Geh:7    | Reached skill level 15 in Earth Magic
103153 | Geh:7    | Reached skill level 27 in Spellcasting
103274 | Geh:7    | Noticed the Serpent of Hell
103278 | Geh:7    | Killed the Serpent of Hell
103390 | Geh:7    | Got the Grimoire of Lightness
103603 | Geh:7    | Found the +7 sceptre of Asmodeus
103603 | Geh:7    | Noticed Asmodeus
103613 | Geh:7    | Killed Asmodeus
103628 | Geh:7    | Found the ring of the Mage {Wiz Archmagi}
103628 | Geh:7    | Found the +14 obsidian axe {vorpal, Mesm Drain Fly SInv}
103637 | Geh:7    | Identified the +5 mace "Dophelolaa" {drain, rN+ Int+4
                  | Dex-3}
103644 | Geh:7    | Identified the amulet of Milarph {Reflect rC+ MP+9 Int-5
                  | SH+5}
103739 | Geh:7    | Identified the +0 pair of boots of the Orcish Mines {Contam
                  | rF+ Int+4}
103776 | Geh:7    | Got an obsidian rune of Zot
104188 | Lair:1   | Learned a level 9 spell: Shatter
104411 | Tar:1    | Entered Level 1 of Tartarus
106134 | Tar:5    | You are sucked into a shaft and drop 1 floor!
106466 | Tar:7    | Entered Level 7 of Tartarus
106518 | Tar:7    | Reached skill level 10 in Fighting
108094 | Tar:7    | Noticed an ancient lich
108096 | Tar:7    | Killed an ancient lich
108098 | Tar:7    | Got a bone rune of Zot
108100 | Tar:7    | Noticed an ancient lich
108104 | Tar:7    | Killed an ancient lich
108352 | Coc:1    | Entered Level 1 of Cocytus
108436 | Coc:2    | Noticed a dread lich
108439 | Coc:2    | Killed a dread lich
108761 | Coc:4    | Paralysed by a wendigo for 1 turns
108852 | Coc:5    | Paralysed by a wendigo for 1 turns
108856 | Coc:5    | Paralysed by a wendigo for 1 turns
108863 | Coc:5    | Paralysed by a wendigo for 1 turns
109974 | Coc:5    | Paralysed by a wendigo for 1 turns
110918 | Coc:7    | Entered Level 7 of Cocytus
110954 | Coc:7    | Paralysed by a wendigo for 1 turns
111372 | Coc:7    | Paralysed by a wendigo for 1 turns
113227 | Coc:7    | Noticed Antaeus
113709 | Coc:7    | Killed Antaeus
113724 | Coc:7    | Got an icy rune of Zot
113829 | Coc:7    | Found the +8 storm bow {elec, penet}
113830 | Coc:7    | Identified the +1 fire dragon scales of Weefip {rPois rF++
                  | rC- Int+5}
113832 | Coc:7    | Identified the ring "Efahaube" {rF+ rC+ Str+2 Dex+2}
113974 | Coc:7    | Killed from afar by a wendigo

Illustrated notes

Levels and vault maps discovered:
D:1:      saegor_arrival_simple_c, layout_rooms,
          shapermc_ecumenical_altar_starsandcircs
D:2:      layout_rooms, chequers_serial_rivers_room_b,
          minmay_misc_feat_more_columns, uniq_crazy_yiuf_cottage, uniq_sigmund
D:3:      layout_basic, gammafunk_ghost_mausoleum, serial_shops, shop,
          eino_tiny_chamber, due_unseen_surprise
D:4:      layout_gridville, temple_hall
D:5:      layout_loops_corners, serial_shops, shop, grunt_ministairs_13,
          hangedman_decor_lopped, hangedman_decor_peaks_small,
          chequers_decorated_corner, kennysheep_dice
D:6:      nicolae_cairo_tiling_large_dashed, layout_rooms, minitemple,
          grunt_ministairs_9, uniq_menkaure, uniq_grinder, uniq_edmund,
          uniq_prince_ribbit1
D:7:      layout_basic, minmay_holes
D:8:      layout_basic, small_statue_intersection, jiyva_altar_1, uniq_erica
D:9:      layout_loops_ring, erik_lair_island, serial_bayou,
          serial_bayou_shore_b, serial_bayou_ford_a, serial_bayou_shore_b,
          serial_bayou_pond_e, grunt_decor_mini_mirrors, uniq_harold
D:10:     layout_basic, grunt_dithmenos_smoke_and_mirrors,
          mainiacjoe_overflow_catch_the_wave, hex_medium, uniq_maggie
D:11:     layout_irregular_city, orc_0_dummy, ebering_ghost_xom, fedhas_altar_1
D:12:     layout_gridville, serial_shops, shop
D:13:     layout_cave_pods, serial_shops, kennysheep_little_box
D:14:     layout_rooms, david_vaults_4, portal_ice_cave_entry_pillars_2,
          nicolae_elyvilon_peaceful_grove, uniq_louise
D:15:     grunt_enter_depths_giant_problem, layout_basic, minmay_crystal_room,
          serial_shops, nicolae_shop_stone, chequers_serial_rivers_micro_c
Lair:1:   layout_chaotic_city, serial_bayou_pond_e, grunt_megastairs_4
Lair:2:   layout_cave_pods, hellmonk_spider_entry_not_the_bees,
          gammafunk_ghost_grave, patterned_corridor, lemuel_fruit_fields,
          lemuel_fruit_fields, uniq_gastronok
Lair:3:   layout_chaotic_city, kennysheep_basilisk_garden
Lair:4:   layout_long_grid, palyth_hydra_swamp_entry,
          nicolae_quartered_pool_little, amcnicky_altar_lugonu_corruption,
          lemuel_fruit_tree
Lair:5:   layout_regular_city, lemuel_old_faithful, infiniplex_staircase_pool
Lair:6:   evil_forest, layout_regular_city, minmay_slime_entry_oklob_enclosed
Swamp:1:  layout_falls_marsh, nicolae_swamp_very_dense_foliage, uniq_aizul
Swamp:2:  layout_basic_swamp, hangedman_swamp_ruin_wall
Swamp:3:  layout_basic_swamp, serial_swamp_ruin, evilmike_swamp_ruin_house_1,
          evilmike_swamp_ruin_rubble_2, evilmike_swamp_ruin_rubble_1,
          swamp_pool5
Swamp:4:  swamp_basic_johnstein, layout_basic_swamp, swamp_pool1
Spider:1: layout_cave_pods, hellmonk_narrow_tunnel
Spider:2: layout_chambers, spiders_nest_hornet_nest,
          hangedman_spider_tarantella_strand
Spider:3: layout_cave_pods, uniq_azrael
Spider:4: johnstein_spider_rune_arachne_lair, drop_trap
Slime:1:  layout_caves
Slime:2:  layout_caves
Slime:3:  layout_caves
Slime:4:  layout_caves
Slime:5
Orc:1:    layout_diamond_mine, gammafunk_ghost_grave, uniq_erolcha, uniq_fannar,
          uniq_sonja, uniq_urug
Orc:2:    st_orc_mages, layout_caves, basic_altar,
          minmay_shop_enchanted_jewellery, mines2_lemuel
Elf:1:    elf_arrival_001, layout_geoelf_octagon, hangedman_corner_corridor
Elf:2:    nicolae_elf_blades_splatter_lattice
          [nicolae_blade_entry_splitting_headache], layout_geoelf_grid,
          guppyfry_elf_lava
Elf:3:    minmay_elf_hall, layout_loops_cross, roderic_roman_lattice,
          grunt_ministairs_15, uniq_saint_roka
Vaults:1: infiniplex_enter_wizlab_spiral, v_misc_16, hangedman_vaults_trim,
          vaults_room_stairs_pillars, vaults_mumra_chevron, vaults_room_fours,
          grunt_vaults_hallway_long, nicolae_vaults_network_quincunx
          [nicolae_vaults_network_quincunx_subvault,
          nicolae_vaults_network_quincunx_subvault,
          nicolae_vaults_network_quincunx_subvault,
          nicolae_vaults_network_quincunx_subvault,
          nicolae_vaults_network_quincunx_subvault], v_alt_pattern_1, v_rooms_4,
          v_misc_9, ontoclasm_vaults_eye, vaults_room_fancy_cross,
          layout_vaults_maze, enter_trove_3
Vaults:2: v_misc_24, v_misc_9, hangedman_vaults_unwind, st_squares,
          vaults_room_semicircle, vaults_dpeg_ring,
          vaults_standard_mumra_enter_the_diamond, vaults_standard_mumra_lines,
          layout_vaults_big_room
Vaults:3: blue_anna_dwarven_crypt, nicolae_vaults_stairing_the_circle,
          ontoclasm_vaults_decontamination, nicolae_vaults_alarming,
          vaults_mumra_lcd, vaults_dpeg_encased_lava, v_rooms_1,
          layout_vaults_omnigrid, serial_shops, nicolae_shop_waterfront
Vaults:4: v_pattern_4, vaults_room_door_hall, v_misc_8, grunt_vaults_swirl,
          nicolae_vaults_twisting_passages, hangedman_vaults_pinch, v_misc_5,
          nicolae_vaults_little_squares_2, ontoclasm_vaults_claustrophobia,
          vaults_mumra_chevron_long, vaults_room_stairs_pillars,
          nicolae_vaults_little_ls, layout_vaults_ring
Vaults:5: serial_shops
Crypt:1:  layout_chaotic_city, grunt_crypt_arrival_guarded_gate,
          grunt_megastairs_1
Crypt:2:  layout_regular_city, grunt_megastairs_5
Crypt:3:  church_of_pain_bobbens, layout_chaotic_city, weyrava_vampire_temple,
          uniq_frederick
Tomb:1
Tomb:2:   uniq_sojobo, uniq_khufu
Tomb:3
Depths:1: layout_big_octagon, enter_ziggurat_c, pan_entry, minmay_crystal_water,
          grunt_mini_vestibule, nicolae_gozag_zags_fifth_avenue,
          serial_bayou_shore_b, grunt_megastairs_3
Depths:2: nzn_winding_woodlands_small [nzn_winding_woodlands_5x15_garden,
          nzn_winding_woodlands_center_pierced_h,
          nzn_winding_woodlands_5x15_sidewinder], layout_cave_pools, pan_entry,
          nicolae_uskayaw_murder_on_the_dancefloor, marbit_kobold_abyss_entry,
          hell_entry, kennysheep_generic_room_7, infiniplex_staircase_pool_2
Depths:3: dreamdust_isle_of_ice, layout_gridlike, hell_entry,
          rand_demon_pan_entry_5, kennysheep_flooded_box, abyss_entry,
          serial_sigils, serial_sigils_hangedman_etch,
          serial_sigils_hangedman_carve, serial_sigils_hangedman_scar,
          serial_sigils_hangedman_gnaw, serial_sigils_hangedman_quiver,
          serial_sigils_hangedman_gut
Depths:4: grunt_zot_entry_bicorn, layout_honeycomb, minmay_room_of_horrors,
          hell_entry, kiku_gazebo_pond_becter, kb_rosetta, grunt_megastairs_2
Hell
Geh:1:    layout_gehenna_pools_triple
Geh:2:    layout_gehenna_pools_triple
Geh:3:    layout_gehenna_lava_caves
Geh:4:    layout_gehenna_pools_basic, lemuel_hellish_altar
Geh:5:    hangedman_generic_boss_arena
Geh:6:    layout_gehenna_pools_triple
Geh:7:    geh_mu
Coc:1:    layout_cocytus_water_paths
Coc:2:    layout_cocytus_delve
Coc:3:    layout_cocytus_delve, nicolae_coc_statues_of_limitations
Coc:4:    layout_cocytus_delve
Coc:5:    nicolae_coc_two_mouths, layout_cocytus_delve
Coc:6:    layout_cocytus_delve
Coc:7:    coc_old
Tar:1:    layout_honeycomb
Tar:2:    layout_grid_maze, nicolae_tar_spectre_spectrum
Tar:3:    layout_grid_maze
Tar:4:    nicolae_tar_tart_auras, layout_cathedral_of_symmetry
Tar:5:    layout_honeycomb, nicolae_tar_grid_combs
Tar:6:    layout_honeycomb, nicolae_tar_windowcombs
Tar:7:    tar_grunt_cathedral

Skill      XL: |  1  2  3  4  5  6  7  8  9 10 11 12 13 14 15 16 17 18 19 20 21 22 23 24 25 26 27 |
---------------+----------------------------------------------------------------------------------+-----
Spellcasting   | 2 3 4 5 6 7 9 11 12 14 15 16 17 18 19 20 23 24 25 26 27 | 27.0
Ice Magic      | 4 5 6 7 9 10 12 14 15 16 17 18 21 23 25 | 25.0
Conjurations   | 1 2 4 5 7 8 9 12 13 15 | 15.5
Necromancy     | 2 4 |  4.6
Dodging        | 3 6 10 | 10.0
Stealth        | 3 5 7 |  7.0
Fire Magic     | 6 7 |  7.8
Shields        | 3 4 6 |  6.0
Fighting       | 5 11 | 11.3
Earth Magic    | 5 6 7 9 13 22 | 22.5
Translocations | 4 |  4.0

Action                   |  1- 3 |  4- 6 |  7- 9 | 10-12 | 13-15 | 16-18 | 19-21 | 22-24 | 25-27 || total
-------------------------+-------+-------+-------+-------+-------+-------+-------+-------+-------++-------
Melee: Unarmed           |     2 |       |       |       |       |       |       |       |       ||     2
       Short sword       |    10 |       |       |       |       |       |       |       |       ||    10
       Whip              |     7 |    37 |    64 |    40 |    94 |       |       |       |       ||   242
       Punch             |     1 |     1 |     1 |     1 |     1 |       |     1 |     1 |       ||     7
       Staff             |       |       |       |       |    22 |    23 |    48 |    71 |    63 ||   227
Throw: Stone             |       |       |     6 |     1 |       |       |       |       |       ||     7
       Dart              |       |       |       |       |       |     2 |       |       |       ||     2
       Throwing net      |       |       |       |       |       |     2 |       |       |       ||     2
 Cast: Freeze            |    53 |    35 |    84 |    87 |     8 |     8 |       |       |       ||   275
       Frozen Ramparts   |     3 |    16 |    32 |    43 |     2 |       |       |       |       ||    96
       Ozocubu's Armour  |     2 |     8 |    24 |    24 |     5 |     4 |     1 |       |     1 ||    69
       Hailstorm         |       |       |    37 |   102 |    79 |    74 |       |       |       ||   292
       Ozocubu's Refrige |       |       |       |    35 |   290 |   497 |   290 |   154 |   149 ||  1415
       Simulacrum        |       |       |       |       |    21 |    14 |       |       |       ||    35
       Fireball          |       |       |       |       |       |    12 |       |     1 |     2 ||    15
       Orb of Destructio |       |       |       |       |       |    27 |    48 |       |     8 ||    83
       Sublimation of Bl |       |       |       |       |       |     4 |     4 |     7 |    16 ||    31
       Fulminant Prism   |       |       |       |       |       |     1 |       |       |       ||     1
       Stone Arrow       |       |       |       |       |       |       |    21 |       |     1 ||    22
       Freezing Cloud    |       |       |       |       |       |       |     8 |       |       ||     8
       Polar Vortex      |       |       |       |       |       |       |    99 |   141 |   297 ||   537
       Borgnjor's Vile C |       |       |       |       |       |       |       |     2 |     5 ||     7
       Apportation       |       |       |       |       |       |       |       |       |     8 ||     8
       Passage of Golubr |       |       |       |       |       |       |       |       |    80 ||    80
       Lehudib's Crystal |       |       |       |       |       |       |       |       |    61 ||    61
       Shatter           |       |       |       |       |       |       |       |       |    47 ||    47
Evoke: Wand              |       |       |       |     8 |    18 |    32 |     1 |    11 |       ||    70
       Phial of floods   |       |       |       |       |       |     3 |       |       |       ||     3
       Box of beasts     |       |       |       |       |       |     1 |       |       |       ||     1
  Use: Scroll            |     1 |     4 |     3 |    13 |     3 |    22 |     2 |     5 |    11 ||    64
       Potion            |     1 |       |     1 |     7 |       |    10 |     3 |     7 |    12 ||    41
 Stab: Sleeping          |       |     1 |       |     2 |       |       |       |       |       ||     3
Armor: Robe              |    11 |    14 |    50 |     1 |       |       |    51 |   120 |   187 ||   434
       Steam dragon scal |       |       |       |    42 |    91 |    54 |       |       |       ||   187
Dodge: Dodged            |    39 |    18 |    57 |    59 |    60 |   131 |    92 |   190 |   275 ||   921
Block: Other             |     6 |    12 |    41 |    39 |    72 |    76 |    69 |    39 |       ||   354
       Reflection        |       |       |       |     2 |     3 |     8 |    11 |     6 |    12 ||    42
       Buckler           |       |       |       |       |       |       |     1 |   105 |   266 ||   372
